 Dungeon Crawl Stone Soup version 0.29.1-2-gbd0b4ee654 (webtiles) character file.

Game seed: 12153423368804366022

1110 Icepheonix32 the Insei (level 8, -1/48 HPs)
             Began as an Octopode Transmuter on Nov 18, 2022.
             Slain by a gnoll sergeant
             ... wielding a +6 vampiric spear
              (14 damage)
             ... on level 6 of the Dungeon.
             The game lasted 00:08:54 (6428 turns).

Icepheonix32 the Insei (Octopode Transmuter)        Turns: 6428, Time: 00:08:55

Health: -1/48      AC:  2    Str: 11    XL:     8   Next: 33%
Magic:  7/11       EV: 22    Int: 16    God:
Gold:   1943       SH:  0    Dex: 17    Spells: 2/11 levels left

rFire   . . .      SeeInvis .     - Unarmed
rCold   . . .      Faith    .   (shield currently unavailable)
rNeg    . . .      Spirit   .   (helmet currently unavailable)
rPois   x          Reflect  .   (no amulet)
rElec   .          Harm     .   g - ring of wizardry
rCorr   .          Rampage  .   (no ring)
Will    .....                   (no ring)
Stlth   ++........              (no ring)
HPRegen 0.16/turn               (no ring)
MPRegen 0.12/turn               (no ring)
                                (no ring)
                                (no ring)

@: spider-form, wereblooded
A: venomous fangs, almost no armour, (amphibious), 8 rings, tiny, (camouflage
1), (gelatinous body 1), (nimble swimmer 1), (tentacles)
a: End Transformation


You were on level 6 of the Dungeon.
You were a venomous arachnid creature.
You visited 1 branch of the dungeon, and saw 6 of its levels.

You collected 1943 gold pieces.

Inventory:

Missiles
 d - 12 boomerangs
 i - 4 curare-tipped darts
Jewellery
 g - a ring of wizardry (left front leg)
Wands
 j - a wand of flame (42)
 s - a wand of charming (15)
Scrolls
 b - 4 scrolls of amnesia
 l - a scroll of poison
 m - 3 scrolls of magic mapping
 n - a scroll of brand weapon
 p - a scroll of blinking
 r - 2 scrolls of teleportation
Potions
 c - a potion of heal wounds
 e - a potion of berserk rage
 f - a potion of haste
 h - 7 potions of curing
 k - 4 potions of attraction
 o - a potion of ambrosia
 q - a potion of cancellation
 t - a potion of lignification
 v - a potion of invisibility


   Skills:
 - Level 1.0 Fighting
 + Level 1.0 Throwing
 * Level 4.8 Dodging
 + Level 6.3 Unarmed Combat
 - Level 2.0 Spellcasting
 * Level 2.0 Conjurations
 + Level 4.8 Transmutations
 * Level 2.1 Air Magic
 * Level 2.6 Poison Magic


You had 2 spell levels left.
You knew the following spells:

 Your Spells              Type           Power      Damage    Failure   Level
a - Beastly Appendage     Tmut           34%        N/A       4%          1
b - Spider Form           Tmut/Pois      13%        N/A       13%         3
c - Wereblood             Tmut           17%        N/A       5%          2
d - Mephitic Cloud        Conj/Pois/Air  8%         N/A       21%         3

Your spell library contained the following spells:

 Spells                   Type           Power      Damage    Failure   Level
 Magic Dart               Conj           32%        1d4       9%          1
 Call Imp                 Summ           1%         N/A       24%         2
 Sublimation of Blood     Necr           1%         N/A       24%         2
 Ice Form                 Ice/Tmut       9%         N/A       45%         4
 Summon Hydra             Summ           0%         N/A       100%        7


Dungeon Overview and Level Annotations

Branches:
Dungeon (6/15)
 Temple: D:4-7

Altars:
Cheibriados
Elyvilon
Fedhas
Kikubaaqudgha
Okawaru
Uskayaw
Xom
Yredelemnul


Innate Abilities, Weirdness & Mutations

You are a venomous arachnid creature.
You have poisonous fangs.
You are tiny and dextrous.
Your spellcasting is less reliable in this form.
Your armour is entirely melded.
You are incapable of wielding weapons or throwing items.
You cannot wear most types of armour.
((You are amphibious.))
You can wear up to eight rings at the same time.
((Your skin changes colour to match your surroundings (Stealth+).))
((Your rubbery body absorbs attacks. (AC +1, EV +1)))
((You are camouflaged when in or above water. (Stealth+)))
((You have tentacles for arms and can constrict up to eight enemies at once.))


Message History

You hit the gnoll sergeant but do no damage.
The gnoll sergeant is poisoned.
The gnoll sergeant is lightly wounded.
Unknown command.
You hit the gnoll sergeant but do no damage.
The gnoll sergeant looks as sick as possible!
The gnoll sergeant is lightly wounded.
The gnoll sergeant completely misses you.
The gnoll completely misses you.
Unknown command.
You barely miss the gnoll. The gnoll closely misses you.
The gnoll sergeant misses you.
Unknown command.
You bite the gnoll!
The gnoll is severely wounded.
The gnoll completely misses you.
The gnoll sergeant completely misses you.
Unknown command.
You bite the gnoll!
You feel a bit better.
You kill the gnoll!
The gnoll sergeant hits you with a +6 vampiric spear.
The gnoll sergeant draws strength from your wounds!
Unknown command.
Unknown command.
You hit the gnoll.
The gnoll is lightly wounded.
The gnoll misses you.
The gnoll sergeant hits you with a +6 vampiric spear!
* * * LOW HITPOINT WARNING * * *
The gnoll sergeant draws strength from your wounds!
Unknown command.
You feel much better. The gnoll hits you with a +0 whip!
The gnoll sergeant hits you with a +6 vampiric spear!
* * * LOW HITPOINT WARNING * * *
You hit the gnoll sergeant.
The gnoll sergeant looks as sick as possible!
The gnoll sergeant is moderately wounded.
The gnoll misses you.
The gnoll sergeant hits you with a +6 vampiric spear!
You die...

### #.......#
###⌠.⌠
#.......# ..'
........# ###
#.......#
#.......#
#.......#
#......)#
#......)#
#......s#
.......gg....#
........#......
........#....##
........# ...#
#.......# .....
#.......# ..##
#.......+ ..#


You could see a gnoll sergeant (extremely poisoned) and a gnoll.

Vanquished Creatures
  Sigmund (D:2)
  A black bear (D:6)
  3 ogres (D:6)
  A scorpion (D:6)
  3 hounds
  A jelly (D:5)
  An orc priest (D:2)
  Jessica (D:2)
  An iguana (D:5)
  Natasha (D:2)
  2 orc wizards (D:5)
  A howler monkey zombie (D:3)
  5 gnolls
  9 adders
  An ufetubus (D:4)
  6 worms
  A dart slug (D:3)
  21 orcs
  4 bats
  3 endoplasms
  A giant cockroach (D:2)
  3 goblins
  5 hobgoblins
  4 jackals
  A quokka (D:2)
  2 ball pythons
  2 ball python zombies (D:3)
  2 frilled lizards
  3 kobolds (D:4)
  22 rats
112 creatures vanquished.

Vanquished Creatures (others)
  A ball python (D:2)
  4 fungi (D:6)
5 creatures vanquished.

Grand Total: 117 creatures vanquished

Notes
Turn   | Place    | Note
-------+----------+-------------------------------------------
     0 | D:1      | Icepheonix32 the Octopode Transmuter began the quest for
                  | the Orb.
     0 | D:1      | Reached XP level 1. HP: 13/13 MP: 3/3
   608 | D:1      | Reached XP level 2. HP: 18/18 MP: 5/5
   689 | D:1      | Found a faded altar of an unknown god.
   952 | D:2      | Reached XP level 3. HP: 5/23 MP: 6/6
  1248 | D:2      | Reached XP level 4. HP: 21/28 MP: 5/7
  1251 | D:2      | Reached skill level 4 in Unarmed Combat
  1427 | D:2      | Noticed Sigmund
  1437 | D:2      | Killed Sigmund
  1438 | D:2      | Reached XP level 5. HP: 24/33 MP: 6/8
  1438 | D:2      | Reached XP level 6. HP: 27/38 MP: 6/9
  1561 | D:2      | Noticed Jessica
  1573 | D:2      | Killed Jessica
  1574 | D:2      | Reached skill level 5 in Unarmed Combat
  1930 | D:2      | Noticed Natasha
  1934 | D:2      | Killed Natasha
  1985 | D:2      | Learned a level 3 spell: Spider Form
  1988 | D:2      | Learned a level 2 spell: Wereblood
  2204 | D:3      | Found a white marble altar of Elyvilon.
  2205 | D:3      | Found an iron altar of Okawaru.
  2206 | D:3      | Found a snail-covered altar of Cheibriados.
  2336 | D:3      | Found a basalt altar of Yredelemnul.
  2435 | D:3      | Found an ancient bone altar of Kikubaaqudgha.
  2736 | D:3      | Found a shimmering altar of Xom.
  2952 | D:3      | Found a blossoming altar of Fedhas.
  2973 | D:3      | Learned a level 3 spell: Mephitic Cloud
  3433 | D:4      | Reached XP level 7. HP: 20/43 MP: 1/10
  3656 | D:4      | Noticed a +0 spear
  3656 | D:4      | Noticed a +0 dagger
  3656 | D:4      | Noticed a +0 falchion
  3656 | D:4      | Noticed a +0 short sword
  3657 | D:4      | Noticed a +0 dagger
  3657 | D:4      | Noticed a +0 short sword
  3658 | D:4      | Noticed a +0 spear
  3659 | D:4      | Noticed a +0 falchion
  3950 | D:4      | Reached skill level 1 in Poison Magic
  4035 | D:4      | Found a hide-covered altar of Uskayaw.
  4633 | D:4      | Identified a scroll of acquirement
  4634 | D:4      | Acquired 1340 gold pieces
  4655 | D:5      | Entered Level 5 of the Dungeon
  5081 | D:5      | Reached skill level 1 in Air Magic
  5131 | D:5      | Reached skill level 1 in Conjurations
  5896 | D:6      | Reached skill level 6 in Unarmed Combat
  5896 | D:6      | Reached XP level 8. HP: 45/48 MP: 5/11
  6380 | D:6      | Reached skill level 1 in Throwing
  6428 | D:6      | Slain by a gnoll sergeant

Illustrated notes

Levels and vault maps discovered:
D:1:      minmay_arrival_wavy_path, layout_basic,
          shapermc_ecumenical_altar_flowoftime, minmay_hedge_maze, st_stairs_6
D:2:      cheibrodos_pilgrimage, layout_rooms, chequers_serial_rivers_small_b,
          minmay_rat_hole, uniq_sigmund, uniq_natasha, uniq_jessica
D:3:      layout_loops_ring, nicolae_yredelemnul_corpse_copse,
          kiku_gazebo_pond_becter, mainiacjoe_overflow_boulevard,
          grunt_temple_overflow_open, fedhas_altar_4
D:4:      minmay_polygon_palace, layout_layer_cave, nicolae_uskayaw_en_pointe
D:5:      layout_basic
D:6:      layout_gridville, grunt_temple_overflow_order_and_chaos_2,
          temple_doors_e, roderic_st_hans_cross, dreamdust_mushroom_princess

Skill      XL: |  1  2  3  4  5  6  7  8 |
---------------+-------------------------+-----
Unarmed Combat | 4 5 6 |  6.3
Dodging        | 3 4 |  4.8
Transmutations | 3 4 |  4.8
Poison Magic   | 2 |  2.6
Air Magic      | 1 2 |  2.1
Conjurations   | 1 2 |  2.0
Throwing       | 1 |  1.0
Fighting       | |  1.0
Spellcasting   | |  2.0

Action                   |  1- 3 |  4- 6 |  7- 9 || total
-------------------------+-------+-------+-------++-------
Melee: Unarmed           |    42 |   101 |   107 ||   250
       Constrict         |    10 |    31 |    18 ||    59
       Kick              |     8 |    24 |    22 ||    54
       Tentacles         |     7 |    20 |    12 ||    39
       Punch             |       |     1 |       ||     1
Throw: Dart              |       |     3 |     3 ||     6
       Boomerang         |       |     1 |     1 ||     2
 Cast: Beastly Appendage |    10 |    23 |    12 ||    45
       Spider Form       |       |     1 |     6 ||     7
       Wereblood         |       |     1 |     4 ||     5
       Mephitic Cloud    |       |     1 |     2 ||     3
Evoke: Wand              |       |     1 |       ||     1
  Use: Potion            |     1 |     1 |     1 ||     3
       Scroll            |     5 |     8 |     5 ||    18
 Stab: Sleeping          |     1 |     8 |     1 ||    10
       Confused          |       |     1 |       ||     1
Armor: Skin              |     9 |     4 |     7 ||    20
Dodge: Dodged            |    25 |    71 |    80 ||   176
